AoeStats
← Sparten gio

Nomad

503596720Analyzed
1v1 RM · 1mo ago on Sep 1, 2026· 52m 29s· 2 players
Game mode
Random Map
Map size
126×126
Population
200
Speed
Normal
Resources
Standard
Victory
Conquest
Starting age
Dark Age
Ending age
Imperial Age
RankedLock teamsTeams togetherTeam positionsShared explorationLock speedFull tech treeHidden civsTurbo modeCheats
Victory
Defeat
🇫🇷 Cumans · France
883
+17
🇺🇸 Malians · United States
909
-19
Phaeril
7:17 Loom
14:31 Feudal Age
15:17 Fishing Lines
17:56 Gold Mining
17:53 Double-Bit Axe
18:30 Town Watch
20:13 Wheelbarrow
20:38 Fletching
25:58 Man-at-Arms
28:27 Horse Collar
34:59 Castle Age
36:34 Hand Cart
36:32 Bodkin Arrow
37:00 Bloodlines
38:36 Capped Ram
40:47 Bow Saw
41:14 Gold Shaft Mining
40:51 Heavy Plow
44:54 Imperial Age
42:41 Forging
43:43 Padded Archer Armor
44:43 Leather Archer Armor
47:25 Conscription
47:34 Elite Kipchak
49:27 Ring Archer Armor
49:21 Ballistics
50:02 Chemistry
48:45 Siege Ram
51:53 Crop Rotation
51:19 Stone Mining
52:31 Two-Man Saw
52:12 Iron Casting
51:43 Scale Barding Armor
51:42 Cavalier
Sparten gio
4:06 Loom
12:01 Loom
14:48 Feudal Age
16:42 Gold Mining
16:46 Double-Bit Axe
17:46 Fishing Lines
19:18 Bloodlines
21:25 Man-at-Arms
23:52 Arson
24:50 Forging
27:17 Castle Age
25:43 Fletching
42:21 Imperial Age
40:30 Tigui
43:21 Scale Mail Armor
45:00 Squires
47:41 Bow Saw
47:36 Long Swordsman
48:51 Elite Skirmisher
49:37 Thumb Ring
Connection lost

Rejoining the realm…

Still unreachable

The connection could not be restored.

Session expired

The server has moved on; the page needs a fresh start.